 Dungeon Crawl Stone Soup version 0.25.0-3-gd7cc5688da (webtiles) character file.

Game seed: 7660763010790026425

71 HoaS the Ruffian (level 4, 0/29 HPs)
             Began as a Gargoyle Berserker on June 15, 2020.
             Was a Believer of Trog.
             Killed by divine providence
             ... invoked by an orc priest
              (10 damage)
             ... on level 3 of the Dungeon.
             The game lasted 00:05:07 (2210 turns).

HoaS the Ruffian (Gargoyle Berserker)               Turns: 2210, Time: 00:05:08

Health: 0/29       AC: 10    Str: 22    XL:     4   Next: 24%
Magic:  4/4        EV: 10    Int:  7    God:    Trog [**....]
Gold:   82         SH:  0    Dex:  9    Spells: 3/3 levels left

rFire    . . .     SeeInvis .     - Unarmed
rCold    . . .     Gourm    .   (no shield)
rNeg     + . .     Faith    .   d - +0 scale mail
rPois    ∞         Spirit   .   (no helmet)
rElec    +         Reflect  .   (no cloak)
rCorr    .         Harm     .   (no gloves)
MR       .....                  (no boots)
Stlth    ..........             (no amulet)
HPRegen  0.09/turn              (no ring)
MPRegen  0.09/turn              (no ring)

@: no status effects
A: negative energy resistance 1, electricity resistance, unbreathing,
petrification resistance, rot immunity, AC +3
a: Berserk, Trog's Hand, Renounce Religion


You were on level 3 of the Dungeon.
You worshipped Trog.
Trog was pleased with you.
You were very hungry.

You visited 1 branch of the dungeon, and saw 3 of its levels.

You collected 82 gold pieces.

Inventory:

Armour
 d - a +0 scale mail (worn)
Jewellery
 j - an uncursed ring of protection from cold {unknown}
 l - an uncursed ring of flight {unknown}
 n - a +6 ring of dexterity {unknown}
Scrolls
 a - a scroll of remove curse {unknown}
 c - a scroll of fear {unknown}
 e - a scroll of enchant armour {unknown}
 f - 2 scrolls of magic mapping {unknown}
 g - a scroll of teleportation {unknown}
 k - a scroll of amnesia {unknown}
 o - a scroll of blinking {unknown}
Potions
 h - a potion of curing {unknown}
 i - a potion of brilliance {unknown}
 m - a potion of lignification {unknown}
 p - a potion of invisibility {unknown}
Comestibles
 b - 6 rations


   Skills:
 + Level 4.1 Fighting
 - Level 2.1 Armour
 - Level 1.5 Dodging
 * Level 4.4 Unarmed Combat


You had 3 spell levels left.
You didn't know any spells.
Your spell library was empty.

Dungeon Overview and Level Annotations

Branches:
Dungeon (3/15)

Altars:

Annotations:
D:3 Grinder


Innate Abilities, Weirdness & Mutations

You are resistant to torment.
Your stone body is resilient. (AC +3)
You are immune to poison.
You resist negative energy. (rN+)
You are resistant to electric shocks. (rElec)
You can survive without breathing.
You are immune to petrification.
You are immune to rotting.


Message History

The orc priest is almost dead.
The orc priest barely misses you.
You closely miss the orc priest.
The orc priest is almost dead.
You barely miss the orc priest.
The orc priest is almost dead.
The orc priest barely misses you.
You completely miss the orc priest.
The orc priest is almost dead.
The orc priest hits you but does no damage.
You barely miss the orc priest.
The orc priest is almost dead.
The orc priest barely misses you.
You barely miss the orc priest.
The orc priest is almost dead.
You closely miss the orc priest.
The orc priest is almost dead.
The orc priest invokes the aid of Beogh against you.
Beogh smites you!
You die... ############ #..........######## #......#..oo....$.. #........#o##...### ##.......#@# .o# #....##.#.# o.o

#....##.#.# .#.
####...###.#.#
..
............#.#
.
###########)#.#
#.......###.#.#
#.........#%#
#.###.###.#.#


You could see an orc priest, an orc wizard and an orc.

Vanquished Creatures
  An adder (D:2)
  A gnoll (D:1)
  2 worms (D:2)
  2 leopard geckos (D:1)
  An orc (D:3)
  A giant cockroach (D:1)
  8 hobgoblins
  2 quokkas (D:2)
  A ball python (D:2)
  7 bats
  4 frilled lizards
  4 goblins
  4 kobolds
  6 rats
  2 bushes (D:1)
  A plant (D:1)
47 creatures vanquished.

Notes
Turn   | Place    | Note
-------+----------+-------------------------------------------
     0 | D:1      | HoaS the Gargoyle Berserker began the quest for the Orb.
     0 | D:1      | Reached XP level 1. HP: 14/14 MP: 1/1
   213 | D:1      | Reached XP level 2. HP: 15/19 MP: 2/2
   540 | D:1      | Reached XP level 3. HP: 20/24 MP: 3/3
   575 | D:1      | Reached ** piety under Trog
  1421 | D:2      | Reached XP level 4. HP: 13/29 MP: 4/4
  2110 | D:3      | Noticed Grinder
  2210 | D:3      | Killed from afar by an orc priest

Illustrated notes

Levels and vault maps discovered:
D:1:      evilmike_arrival_crescent, layout_loops_ring, serial_forest,
          infiniplex_forest_zigzag_1, infiniplex_forest_3_way,
          infiniplex_forest_lined_3_way, infiniplex_forest_straight_5,
          infiniplex_forest_clump_tiny, infiniplex_forest_clump_tiny,
          infiniplex_forest_straight_3
D:2:      layout_basic
D:3:      layout_basic, grunt_temple_overflow_open, gammafunk_ghost_grave,
          serial_glass, glass_columns_a, glass_columns_a, uniq_grinder

Skill      XL: |  1  2  3 |
---------------+----------+-----
Unarmed Combat | 4 |  4.4
Fighting       | 4 |  4.1
Armour         | |  2.1
Dodging        | |  1.5

Action                   |  1- 3 |  4- 6 || total
-------------------------+-------+-------++-------
Melee: Unarmed           |   451 |    53 ||   504
       Punch             |     5 |     1 ||     6
Invok: Trog's Hand       |       |     1 ||     1
  Eat: Chunk             |     3 |     1 ||     4
Armor: Scale mail        |    73 |    29 ||   102
Dodge: Dodged            |    78 |    31 ||   109
